 Dungeon Crawl Stone Soup version 0.30-a0-632-g346586fe48 (webtiles) character file.

Game seed: 11069594222807940422

59 drugrobin the Sneak (level 3, -3/30 HPs)
             Began as a Demigod Delver on Jan 13, 2023.
             Slain by Natasha (7 damage)
             ... on level 2 of the Dungeon.
             The game lasted 00:08:49 (2365 turns).

drugrobin the Sneak (Demigod Delver)                Turns: 2365, Time: 00:08:49

Health: -3/30      AC:  4    Str: 13    XL:     3   Next: 54%
Magic:  5/5        EV: 12    Int: 12    God:
Gold:   109        SH:  0    Dex: 19    Spells: 0/2 levels left

rFire   + . .      SeeInvis .    l - +0 war axe
rCold   + . .      Faith    .    (no shield)
rNeg    . . .      Spirit   .    a - +0 leather armour
rPois   +          Reflect  .    r - +0 helmet
rElec   .          Harm     .    p - scarf {rC+ rF+}
rCorr   .          Rampage  .    (no gloves)
Will    .....                    (no boots)
Stlth   +++                      (no amulet)
HPRegen 0.25/turn                j - ring of poison resistance
MPRegen 0.09/turn                (no ring)

@: no status effects
A: high MP 1, forlorn, divine attributes
a: no special abilities


You were on level 2 of the Dungeon.
You visited 1 branch of the dungeon, and saw 5 of its levels.

You collected 109 gold pieces.

Inventory:

Hand Weapons
 g - a +0 sling
 h - a +0 short sword
 l - a +0 war axe (weapon)
Missiles
 d - 18 stones
 k - a poisoned dart (quivered)
Armour
 a - a +0 leather armour (worn)
 p - a scarf of resistance (worn)
 r - a +0 helmet (worn)
Jewellery
 j - a ring of poison resistance (left hand)
Wands
 f - a wand of digging (3)
Scrolls
 b - a scroll of fog
 c - a scroll of magic mapping
 m - a scroll of fear
 n - a scroll of teleportation {unknown}
 o - a scroll of brand weapon {unknown}
 s - a scroll of blinking {unknown}
Potions
 e - a potion of haste
 i - 2 potions of might {unknown}
 q - a potion of brilliance {unknown}


   Skills:
 - Level 2.7 Fighting
 - Level 1.7 Dodging
 - Level 4.5 Stealth
 + Level 3.6 Unarmed Combat
 + Level 0.5 Transmutations


You couldn't memorise any spells.
You knew the following spells:

 Your Spells              Type           Power      Damage    Failure   Level
a - Sting                 Tmut/Pois      0%         1d3       36%         1
b - Beastly Appendage     Tmut           2%         N/A       32%         1

Your spell library contained the following spells:

 Spells                   Type           Power      Damage    Failure   Level
 Freeze                   Ice            0%         1d3       38%         1
 Wereblood                Tmut           1%         N/A       45%         2
 Poisonous Vapours        Pois/Air       0%         N/A       54%         2
 Ignite Poison            Fire/Tmut/Pois 0%         N/A       75%         3
 Spider Form              Tmut/Pois      0%         N/A       75%         3
 Frozen Ramparts          Ice            0%         1d1       77%         3
 Hailstorm                Conj/Ice       0%         3d3       77%         3
 Kindle Blastsparks       Fire/Tloc/Air  0%         2d10      77%         3
 Olgreb's Toxic Radiance  Pois           0%         N/A       99%         4
 Freezing Cloud           Conj/Ice/Air   0%         6-21      100%        5


Dungeon Overview and Level Annotations

Branches:
Dungeon (5/15)
 Temple: D:4-7

Annotations:
D:2 Natasha


Innate Abilities, Weirdness & Mutations

You have an increased reservoir of magic. (+10% MP)
You shall have no god before yourself.
Your divine heritage dramatically boosts your attributes as you level up.


Message History

Unknown command.
Unknown command.
Unknown command.
Okay, then.
l - a +0 war axe (weapon)
The white imp attacks as you move away! The white imp barely misses you.
Natasha looks more healthy.
Natasha closely misses you.
Unknown command.
Unknown command.
You closely miss Natasha.
Natasha is moderately wounded.
You barely miss the white imp. Natasha misses you.
The white imp gestures at you. The puff of frost hits you. You resist.
Natasha casts a spell at you. The magic dart hits you!
The white imp barely misses you.
Unknown command.
Unknown command.
Unknown command.
You barely miss Natasha.
Natasha is moderately wounded.
You hit the white imp. Natasha claws you but does no damage.
The white imp hits you but does no damage.
Unknown command.
Unknown command.
Unknown command.
Unknown command.
You hit Natasha.
Natasha is severely wounded.
You barely miss the white imp. Natasha casts a spell at you.
The magic dart hits you!
* * * LOW HITPOINT WARNING * * *
The white imp shouts, "Slither hence, thou fulsome dread-bolted beggar!"
The white imp hits you.
* * * LOW HITPOINT WARNING * * *
The white imp freezes you. You resist.
* * * LOW HITPOINT WARNING * * *
Natasha claws you!
You die...

#.# ##...## #.# #
#.# ##+## # #.# #
#.# # ###.####.#
# #.###### #.
#........# #
#......# ##.#
##.#####..# #
######.#
##...##.........#
#.#
#.......#####..##
#.####...h#5#
#..#
#.......(.@.#
#..#
###########.#
#..# #.#####.##
#.......#
#########


You could see Natasha and a white imp (summoned).

Vanquished Creatures
  2 adders (D:2)
  A worm (D:3)
  A dart slug (D:2)
  An orc (D:3)
  6 endoplasms
  4 hobgoblins
  3 jackals (D:2)
  A quokka (D:1)
  2 ball pythons
  3 bats
  2 frilled lizards
  3 goblins
  3 kobolds (D:1)
  2 rats (D:1)
34 creatures vanquished.

Notes
Turn   | Place    | Note
-------+----------+-------------------------------------------
     0 | D:5      | drugrobin the Demigod Delver began the quest for the Orb.
     0 | D:5      | Reached XP level 1. HP: 18/18 MP: 3/3
   113 | D:4      | Noticed an ogre
   606 | D:2      | Reached XP level 2. HP: 17/25 MP: 4/4
   689 | D:2      | Noticed Natasha
   994 | D:1      | Learned a level 1 spell: Sting
  1762 | D:2      | Reached XP level 3. HP: 27/30 MP: 5/5
  1851 | D:2      | Learned a level 1 spell: Beastly Appendage
  2365 | D:2      | Slain by Natasha

Illustrated notes

Levels and vault maps discovered:
D:1:      mrwooster_arrival_statue_2, layout_basic,
          shapermc_ecumenical_altar_mp_vishouse
D:2:      layout_loops_corners, basic_altar, uniq_natasha
D:3:      layout_basic
D:4:      layout_gridville
D:5:      layout_basic, mainiacjoe_overflow_24_doors,
          minmay_temple_entry_junction, chequers_jeans, serial_bayou_crossing

Skill      XL: |  1  2 |
---------------+-------+-----
Unarmed Combat | 2 3 |  3.6
Fighting       | |  2.7
Dodging        | |  1.7
Stealth        | |  4.5
Transmutations | |  0.5

Action                   || total
-------------------------++-------
Melee: Unarmed           ||   140
       Punch             ||     4
       War axe           ||     4
Throw: Dart              ||     4
 Cast: Sting             ||     6
  Use: Scroll            ||     1
 Stab: Sleeping          ||     7
Armor: Leather armour    ||    33
Dodge: Dodged            ||    70

Table legend: (Time is in decaauts)
 A = Elapsed time spent in this place.
 B = Non-inter-level travel time spent in this place.
 C = Inter-level travel time spent in this place.
 D = Time resting spent in this place.
 E = Time spent auto-exploring this place.
 F = Levels seen in this place.
 G = Mean time per level.
                   A        B        C        D        E       F      G
               +--------+--------+--------+--------+--------+-----+--------+
         Total |   2356 |   2179 |    177 |    130 |   1387 |   5 |  471.2 |
       Dungeon |   2356 |   2179 |    177 |    130 |   1387 |   5 |  471.2 |
               +--------+--------+--------+--------+--------+-----+--------+

Top non-repeatable levels by time:
     D:2: 1043 daAuts
     D:1: 814 daAuts
     D:3: 247 daAuts
     D:4: 242 daAuts
     D:5: 9 daAuts
